AoeStats
← DickAss69

Arabia

510575823Analyzed
4v4 RM · 14h ago on Oct 1, 2026· 19m 41s· 8 players
Game mode
Random Map
Map size
Large (8 player)
Population
200
Speed
Normal
Resources
Standard
Victory
Conquest
Starting age
Dark Age
Ending age
Imperial Age
RankedLock teamsTeams togetherTeam positionsShared explorationLock speedFull tech treeHidden civsTurbo modeCheats
Victory
Defeat
🇨🇦 Magyars · Canada
865
+15
🇲🇽 Saracens · Mexico
839
+16
🇺🇸 Britons · United States
817
+17
🇺🇸 Persians · United States
806
+17
🇪🇸 Magyars · Spain
870
-18
🇷🇺 Saxons · Russia
868
-17
🇪🇸 Spanish · Spain
826
-24
🇪🇸 Persians · Spain
792
-14
VerrücktMan
12:32 Feudal Age
13:28 Double-Bit Axe
14:55 Gold Mining
16:38 Man-at-Arms
21:16 Castle Age
fransl33
7:17 Loom
10:05 Feudal Age
11:24 Double-Bit Axe
Light
gemmacr96
8:34 Loom
11:02 Feudal Age
15:10 Wheelbarrow
14:57 Double-Bit Axe
14:54 Horse Collar
18:07 Bloodlines
Husky
11:07 Feudal Age
14:39 Double-Bit Axe
14:36 Horse Collar
21:16 Castle Age
Coffee Bean
5:47 Loom
9:25 Feudal Age
9:48 Horse Collar
9:56 Double-Bit Axe
15:17 Bloodlines
20:01 Wheelbarrow
VicRoldanG
0:38 Loom
11:28 Feudal Age
12:56 Double-Bit Axe
16:43 Castle Age
15:10 Horse Collar
16:12 Stone Mining
17:03 Gold Mining
18:05 Wheelbarrow
19:01 Forging
19:31 Bow Saw
DickAss69
1:02 Loom
12:06 Feudal Age
12:26 Horse Collar
12:34 Double-Bit Axe
Connection lost

Rejoining the realm…

Still unreachable

The connection could not be restored.

Session expired

The server has moved on; the page needs a fresh start.